 Dungeon Crawl Stone Soup version 0.31-a0-1-g4198be8 (webtiles) character file.

Game seed: 13576445208838284777

1349 Nithhogg the Trooper (level 8, -1/73 HPs)
             Began as a Hill Orc Fighter on May 1, 2023.
             Was a Believer of the Shining One.
             Slain by an orc
             ... wielding a +2 whip of electrocution
              (14 damage)
             ... on level 7 of the Dungeon on May 2, 2023.
             The game lasted 00:14:04 (5065 turns).

Nithhogg the Trooper (Hill Orc Fighter)             Turns: 5065, Time: 00:14:04

Health: -1/73      AC:  7    Str: 21    XL:     8   Next: 63%
Magic:  9/12       EV:  9    Int:  8    God:    the Shining One [**....]
Gold:   277        SH: 13    Dex: 10    Spells: 7/7 levels left

rFire   . . .        a - +0 war axe
rCold   . . .        (no shield)
rNeg    + . .        b - +0 scale mail
rPois   .            (no helmet)
rElec   .            (no cloak)
rCorr   .            (no gloves)
SInv    .            (no boots)
Will    .....        s - amulet of reflection Stlth
                     (no ring)
HPRegen 0.32/turn    (no ring)
MPRegen 0.13/turn

%: reflection
@: mighty, divinely shielded, glowing
A: no striking features
a: Renounce Religion, Convert to Beogh, Divine Shield


You were on level 7 of the Dungeon.
You worshipped the Shining One.
The Shining One was pleased with you.
You visited 1 branch of the dungeon, and saw 7 of its levels.

You collected 277 gold pieces.

Inventory:

Hand Weapons
 a - a +0 war axe (weapon)
 B - a +2 flail of holy wrath
Armour
 b - a +0 scale mail (worn)
 c - a +0 buckler
Jewellery
 s - an amulet of reflection (around neck)
 t - an amulet of faith
 v - a ring of fire
 C - a ring of magical power
Scrolls
 e - 2 scrolls of poison {unknown}
 f - 9 scrolls of identify {unknown}
 g - a scroll of magic mapping {unknown}
 j - 2 scrolls of torment {unknown}
 k - a scroll of fear {unknown}
 p - 3 scrolls of teleportation {unknown}
 r - a scroll of fog {unknown}
 w - a scroll of noise {unknown}
 x - a scroll of vulnerability {unknown}
 y - a scroll of enchant armour {unknown}
 A - a scroll of silence {unknown}
 D - a scroll of acquirement {unknown}
Potions
 d - a potion of might
 h - a potion of berserk rage {unknown}
 i - 2 potions of haste {unknown}
 l - 2 potions of attraction {unknown}
 m - 2 potions of invisibility {unknown}
 n - a potion of mutation {unknown}
 o - a potion of brilliance {unknown}
 q - 3 potions of curing {unknown}
 u - 2 potions of lignification {unknown}
 z - 2 potions of magic {unknown}


   Skills:
 + Level 7.1 Fighting
 + Level 7.1 Axes
 + Level 6.5 Armour
 - Level 3.2 Shields
 + Level 6.5 Invocations


You had 7 spell levels left.
You didn't know any spells.
Your spell library contained the following spells:

 Spells                   Type           Power      Damage    Failure   Level
 Slow                     Hex            0%         N/A       71%         1
 Confusing Touch          Hex            0%         N/A       97%         3
 Vampiric Draining        Necr           0%         2d6       97%         3
 Passage of Golubria      Tloc           0%         N/A       100%        4
 Silence                  Hex/Air        0%         N/A       100%        5
 Lehudib's Crystal Spear  Conj/Erth      0%         10d2      100%        8


Dungeon Overview and Level Annotations

Branches:
Dungeon (6/15)
 Temple: D:4-7

Altars:
Ru
Vehumet
The Shining One


Message History

The orc priest calls down the wrath of Beogh upon you.
Beogh smites you!
You hear a shout!
An orc wizard comes into view. It is wielding a +0 dagger.
The orc wizard gestures at you while chanting.
You resist with some effort.
The orc priest miscasts a cantrip.
The orc hits you with a +2 whip of electrocution.
The orc priest mumbles some strange prayers to Beogh against you.
Beogh smites you! The orc barely misses you.
The orc priest hits you with a +2 short sword of flaming.
The orc priest burns you.
You barely miss the orc priest. You hit the orc.
The orc wizard gestures wildly while chanting.
The orc wizard flickers and vanishes for a moment.
You block the orc's attack.
The orc priest hits you with a +2 short sword of flaming.
The orc priest burns you.
You slash the orc priest!
The orc priest is severely wounded.
You barely miss the orc.
The orc hits you with a +2 whip of electrocution.
You are electrocuted!
* * * LOW HITPOINT WARNING * * *
The orc priest barely misses you.
The orc priest shouts, "Surrender to Beogh and we'll let you live!"
Okay, then.
A divine shield forms around you!
The orc wizard gestures at you while chanting.
You resist with some effort. The orc hits you but does no damage.
You are electrocuted!
The Shining One protects you from harm! You block the orc priest's attack.
You feel very mighty all of a sudden. The orc wizard completely misses you.
The orc hits you with a +2 whip of electrocution.
* * * LOW HITPOINT WARNING * * *
You are electrocuted!
You die...

##.......#
#........##
##.........#
#..........##
##...........#
#...........#
#......oo...# #
#.....o@....# ######
#.<........##
.....######.........#
###......###.......##
#................#
#..######..#######
#### ##..# ##.## #..#


You could see an orc priest, an orc wizard (invisible) and an orc.

Vanquished Creatures
  Edmund (D:5)
  Menkaure (D:7)
  The ghost of PurpleRed the Chucker, an amateur OgWn (D:3)
  2 ogres (D:5)
  A phantom (D:4)
  A centaur (D:4)
  A howler monkey (D:5)
  3 orc priests (D:5)
  A hound (D:4)
  3 jellies
  A gnoll bouda (D:5)
  2 iguanas
  3 sleepcaps
  9 adders
  5 gnolls
  A white imp (D:5)
  An ufetubus (D:7)
  3 worms (D:2)
  3 dart slugs
  An adder simulacrum (D:3)
  19 orcs
  11 endoplasms
  2 giant cockroaches (D:2)
  10 goblins
  10 hobgoblins
  5 jackals
  5 quokkas
  6 ball pythons
  7 bats
  A frilled lizard (D:2)
  A giant cockroach simulacrum (D:3)
  12 kobolds
  A quokka simulacrum (D:3)
  6 rats
140 creatures vanquished.

Vanquished Creatures (others)
  3 plants (D:2)
3 creatures vanquished.

Grand Total: 143 creatures vanquished

Notes
Turn   | Place    | Note
-------+----------+-------------------------------------------
     0 | D:1      | Nithhogg the Hill Orc Fighter began the quest for the Orb.
     0 | D:1      | Reached XP level 1. HP: 19/19 MP: 1/1
   136 | D:1      | Reached XP level 2. HP: 27/27 MP: 2/2
   141 | D:1      | Reached skill level 1 in Invocations
   609 | D:1      | Reached XP level 3. HP: 32/33 MP: 2/4
  1064 | D:2      | Found a glowing golden altar of the Shining One.
  1070 | D:2      | Became a worshipper of the Shining One
  1105 | D:2      | Reached XP level 4. HP: 41/41 MP: 5/5
  1351 | D:2      | Found a faded altar of an unknown god.
  1942 | D:3      | Found a runed translucent gate.
  1942 | D:3      | Found a runed translucent gate.
  1945 | D:3      | Found a runed translucent gate.
  2091 | D:3      | Noticed PurpleRed's ghost (amateur OgWn)
  2201 | D:3      | Found a radiant altar of Vehumet.
  2201 | D:3      | Found a sacrificial altar of Ru.
  2298 | D:3      | Killed PurpleRed's ghost
  2299 | D:3      | Reached XP level 5. HP: 32/47 MP: 7/7
  2497 | D:4      | Reached skill level 5 in Fighting
  2619 | D:4      | Reached XP level 6. HP: 56/56 MP: 8/8
  3104 | D:4      | Reached * piety under the Shining One
  3146 | D:4      | Reached skill level 5 in Axes
  3146 | D:4      | Reached skill level 5 in Armour
  3197 | D:4      | Reached XP level 7. HP: 49/62 MP: 10/10
  3480 | D:5      | Entered Level 5 of the Dungeon
  3892 | D:5      | Reached skill level 5 in Invocations
  4088 | D:5      | Reached ** piety under the Shining One
  4097 | D:5      | Reached XP level 8. HP: 55/71 MP: 12/12
  4191 | D:5      | Noticed Edmund
  4200 | D:5      | Killed Edmund
  4562 | D:6      | You fall into a shaft and drop 1 floor!
  4812 | D:7      | Noticed Menkaure
  4820 | D:7      | Killed Menkaure
  5064 | D:7      | The Shining One protects you from harm!
  5065 | D:7      | Slain by an orc

Illustrated notes

Levels and vault maps discovered:
D:1:      spicycebolla_green_bress_n_ham_2, layout_basic
D:2:      layout_basic, basic_altar, nicolae_ecumenical_lake_church,
          st_stairs_13, serial_bayou_pond_b
D:3:      layout_rooms, nicolae_overflow_two_pavilions, gammafunk_ghost_icy,
          kennysheep_generic_room_14
D:4:      layout_loops_corners, st_stairs_1
D:5:      layout_cave_pools, uniq_edmund
D:6:      layout_rooms, minmay_temple_entry_mist
D:7:      minmay_spotlight, layout_cave_pods, uniq_menkaure

Skill      XL: |  1  2  3  4  5  6  7  8 |
---------------+-------------------------+-----
Axes           | 3 4 5 6 7 |  7.1
Invocations    | 1 2 3 4 5 6 |  6.5
Fighting       | 4 5 6 7 |  7.1
Armour         | 4 5 6 |  6.5
Shields        | |  3.2

Action                     |  1- 3 |  4- 6 |  7- 9 || total
---------------------------+-------+-------+-------++-------
  Melee: War axe           |   126 |   156 |   131 ||   413
         Punch             |       |     2 |     1 ||     3
 Invoke: Divine Shield     |       |       |     2 ||     2
    Use: Potion            |       |       |     1 ||     1
 Armour: Scale mail        |    98 |    74 |    32 ||   204
  Dodge: Dodged            |    78 |    71 |    58 ||   207
  Block: Other             |       |    23 |    35 ||    58
         Reflection        |       |     1 |       ||     1

Table legend: (Time is in decaauts)
 A = Elapsed time spent in this place.
 B = Non-inter-level travel time spent in this place.
 C = Inter-level travel time spent in this place.
 D = Time resting spent in this place.
 E = Time spent auto-exploring this place.
 F = Levels seen in this place.
 G = Mean time per level.
                   A        B        C        D        E       F      G
               +--------+--------+--------+--------+--------+-----+--------+
         Total |   5191 |   5044 |    147 |      0 |   4051 |   7 |  741.6 |
       Dungeon |   5191 |   5044 |    147 |      0 |   4051 |   7 |  741.6 |
               +--------+--------+--------+--------+--------+-----+--------+

Top non-repeatable levels by time:
     D:4: 1069 daAuts
     D:2: 1032 daAuts
     D:5: 1011 daAuts
     D:1: 852 daAuts
     D:3: 692 daAuts
     D:7: 507 daAuts
     D:6: 26 daAuts
